 Dungeon Crawl Stone Soup version 0.19-a0-496-g61814d3 (webtiles) character file.

637 Arkorax the Insei (level 7, -7/34 HPs)
             Began as a Vine Stalker Monk on June 5, 2016.
             Mangled by an ice beast (10 damage)
             ... on level 5 of the Dungeon.
             The game lasted 00:06:10 (4034 turns).

Arkorax the Insei (Vine Stalker Monk)               Turns: 4034, Time: 00:06:11

Health: -7/34      AC:  4    Str: 13    XL:     7   Next: 50%
Magic:  0/8        EV: 13    Int: 10    God:
Gold:   286        SH:  0    Dex: 19    Spells: 0 memorised, 6 levels left

rFire  . . .     SeeInvis .       - Unarmed
rCold  . . .     Gourm    .     a - +0 robe
rNeg   . . .     Faith    .     (no shield)
rPois  .         Spirit   +     (no helmet)
rElec  .         Dismiss  .     (no cloak)
rCorr  .         Reflect  .     (no gloves)
SustAt +         Harm     .     (no boots)
MR     .....     Rnd*Tele +     (no amulet)
Stlth  ++........               t - ring of teleportation (curse)
                                b - ring of sustain attributes

@: not resistant to hostile enchantments, unstealthy
A: fangs 2, yellow scales 1, frail 1, regeneration 2, teleportitis 1, magic
shield, antimagic bite, no device heal 3, rot immunity
a: no special abilities


You were on level 5 of the Dungeon.
You were not hungry.

You visited 1 branch of the dungeon, and saw 5 of its levels.

You collected 286 gold pieces.

Inventory:

Armour
 a - a +0 robe (worn)
Jewellery
 b - a ring of sustain attributes (left hand)
 l - an uncursed ring of ice
 t - a cursed ring of teleportation (right hand)
Wands
 e - a wand of slowing (24/48)
Scrolls
 c - 3 scrolls of fog {unknown}
 d - 7 scrolls of remove curse {unknown}
 f - 2 scrolls of identify {unknown}
 h - 2 scrolls of immolation {unknown}
 m - 2 scrolls of noise {unknown}
 o - 2 scrolls of enchant weapon {unknown}
 q - 3 scrolls of amnesia {unknown}
 r - a scroll of enchant armour {unknown}
 s - a scroll of teleportation {unknown}
 u - a scroll of recharging {unknown}
Potions
 j - 4 potions of curing
 n - a potion of brilliance
Comestibles
 g - 3 meat rations
 i - a fruit
 k - a slice of pizza
 v - a bread ration


   Skills:
 + Level 4.9 Fighting
 - Level 2.4 Dodging
 - Level 2.4 Stealth
 * Level 7.6 Unarmed Combat


You had 6 spell levels left.
You didn't know any spells.

Dungeon Overview and Level Annotations

Branches:
Dungeon (5/15)
 Temple: D:4-7

Altars:
Elyvilon
Yredelemnul
The Shining One

Shops:
D:5 ?


Innate Abilities, Weirdness & Mutations

You have extremely sharp teeth.
You heal very quickly.
When hurt, damage is shared between your health and your magic reserves.
Your bite disrupts and absorbs the magic of your enemies.
Potions and wands cannot restore your health.
You are immune to rotting.
You are partially covered in yellow scales. (AC +2)
You are frail. (-10% HP)
You are occasionally teleported next to monsters.


Message History

You feel invigorated.
The ice beast is moderately wounded.
The ice beast closely misses you.
There are monsters nearby!
You closely miss the ice beast.
You bite the ice beast, but do no damage.
The ice beast is moderately wounded.
The orc shouts!
The ice beast hits you. The ice beast freezes you!
* * * LOW HITPOINT WARNING * * *
You are too injured to fight recklessly!
You are too injured to fight recklessly!
You are too injured to fight recklessly!
You are too injured to fight recklessly! 2 orc wizards come into view.
An orc wizard is wielding a dagger of venom.
The ice beast hits you.
* * * LOW HITPOINT WARNING * * *
The ice beast freezes you!
You die...

##########
#..†......
###.########
#.......# #
#.......######.#
#.[............#
###'###........#
#.# #........#
######@###.......##
#....Y..##.........
#.......####♣..♣♣..
#..o....# ..♣ ♣
+.......# ♣♣≈≈
#........ ≈≈≈
...######.. ≈≈.
.##o ##. .. o ##


You could see an ice beast, an orc wizard (wandering) and an orc.

Vanquished Creatures
  Edmund (D:4)
  A scorpion (D:3)
  A howler monkey (D:4)
  A crimson imp (D:4)
  2 hounds
  2 worker ants (D:4)
  11 gnolls
  9 adders
  A shadow imp (D:4)
  A white imp (D:5)
  2 worms
  7 dart slugs
  2 orcs (D:3)
  A ball python (D:2)
  10 bats
  4 giant cockroaches
  10 goblins
  8 hobgoblins
  2 jackals (D:2)
  6 kobolds
  A quokka (D:3)
  7 giant newts
  2 goblin skeletons (D:5)
  3 goblin zombies (D:5)
  3 hobgoblin zombies (D:5)
  3 orc skeletons (D:5)
  An orc zombie (D:5)
  8 rats
110 creatures vanquished.

Notes
Turn   | Place    | Note
--------------------------------------------------------------
     0 | D:1      | Arkorax the Vine Stalker Monk began the quest for the Orb.
     0 | D:1      | Reached XP level 1. HP: 11/11 MP: 2/2
    64 | D:1      | Reached XP level 2. HP: 16/16 MP: 3/3
   242 | D:1      | Reached XP level 3. HP: 19/19 MP: 4/4
   813 | D:2      | Reached skill level 5 in Unarmed Combat
  1089 | D:2      | Reached XP level 4. HP: 20/24 MP: 3/5
  1500 | D:2      | Reached XP level 5. HP: 20/28 MP: 4/6
  2218 | D:3      | Reached skill level 6 in Unarmed Combat
  2368 | D:3      | Found a white marble altar of Elyvilon.
  2649 | D:3      | Gained mutation: You heal very quickly. [Vine Stalker growth]
  2649 | D:3      | Reached XP level 6. HP: 30/33 MP: 7/7
  2941 | D:3      | Found a basalt altar of Yredelemnul.
  3210 | D:4      | Noticed Edmund
  3480 | D:4      | Gained mutation: You are frail. (-10% HP) [potion of mutation]
  3480 | D:4      | Gained mutation: You are partially covered in yellow scales. (AC +2) [potion of mutation]
  3480 | D:4      | Gained mutation: You are occasionally teleported next to monsters. [potion of mutation]
  3498 | D:4      | Killed Edmund
  3498 | D:4      | Reached skill level 7 in Unarmed Combat
  3498 | D:4      | Reached XP level 7. HP: 21/34 MP: 6/8
  3782 | D:5      | Entered Level 5 of the Dungeon
  3821 | D:5      | Found a glowing golden altar of the Shining One.
  3967 | D:5      | Found Zauckiwiap's Magic Scroll Shoppe.
  4034 | D:5      | Mangled by an ice beast

Vault maps used:
D:1:      tarquinn_simple_flora_water_d
D:3:      kennysheep_ying_yang, corner_web_ring
D:4:      first_bread, uniq_edmund
D:5:      nicolae_tso_besieged_by_evil, gammafunk_temple_overflow_elements,
          serial_shops, nicolae_shop_stone, serial_bayou_pond_a

Skill      XL: |  1  2  3  4  5  6 |
---------------+-------------------+-----
Fighting       | 3 4 |  4.9
Unarmed Combat | 5 6 7 |  7.6
Dodging        | |  2.4
Stealth        | |  2.4

Action                   |  1- 3 |  4- 6 |  7- 9 || total
-------------------------+-------+-------+-------++-------
Melee: Unarmed           |    81 |   201 |    83 ||   365
       Bite              |    23 |    57 |    25 ||   105
       Punch             |     3 |     6 |     2 ||    11
  Use: Potion            |       |     6 |       ||     6
 Stab: Sleeping          |     5 |     5 |     4 ||    14
       Distracted        |       |       |     1 ||     1
  Eat: Fruit             |       |     3 |       ||     3
       Bread ration      |       |     1 |       ||     1
       Chunk             |       |     1 |     2 ||     3
Armor: Robe              |    10 |    23 |    15 ||    48
Dodge: Dodged            |    46 |   120 |    51 ||   217
